 Dungeon Crawl Stone Soup version 0.22-a0-348-gd16d139 (webtiles) character file.

340 operationiv the Spear-Bearer (level 6, 0/76 HPs)
             Began as a Minotaur Monk on Apr 9, 2018.
             Killed by divine providence
             ... invoked by an orc priest
              (10 damage)
             ... on level 4 of the Dungeon.
             The game lasted 00:04:57 (3294 turns).

operationiv the Spear-Bearer (Minotaur Monk)        Turns: 3294, Time: 00:04:58

Health: 0/76       AC:  7    Str: 22 (23) XL:     6   Next: 30%
Magic:  6/6        EV: 11    Int:  5 (7)  God:
Gold:   229        SH:  0    Dex:  9 (12) Spells: 5/5 levels left

rFire    . . .     SeeInvis .   a - +0 spear
rCold    . . .     Gourm    .   (no shield)
rNeg     . . .     Faith    .   w - +0 scale mail
rPois    .         Spirit   .   (helmet restricted)
rElec    .         Reflect  .   (no cloak)
rCorr    .         Harm     .   v - +0 pair of gloves
MR       .....                  (no boots)
Stlth    ..........             o - amulet of rage {+Rage, !d}
HPRegen  0.22/turn              h - ring of stealth {Stlth+}
MPRegen  0.10/turn              (no ring)

@: berserking, very quick
A: retaliatory headbutt, horns 2
a: Evoke Berserk Rage


You were on level 4 of the Dungeon.
You were very hungry.

You visited 1 branch of the dungeon, and saw 4 of its levels.

You collected 229 gold pieces.

Inventory:

Hand Weapons
 a - a +0 spear (weapon)
 g - a +0 short sword of venom
   (You found it on level 1 of the Dungeon)
 m - a +2 dagger of speed
   (You took it off a goblin on level 2 of the Dungeon)
Armour
 v - a +0 pair of gloves (worn)
   (You found it on level 3 of the Dungeon)
 w - a +0 scale mail (worn)
   (You found it on level 3 of the Dungeon)
 y - a cursed +0 scale mail
   (You found it on level 3 of the Dungeon)
Magical Staves
 q - an uncursed staff of conjuration {unknown}
   (You found it on level 2 of the Dungeon)
Jewellery
 b - an uncursed ring of wizardry {unknown}
   (You took it off an orc on level 3 of the Dungeon)
 h - a ring of stealth (left hand) {Stlth+}
   (You found it on level 1 of the Dungeon)
 o - an amulet of rage (around neck) {+Rage, !d}
   (You found it on level 1 of the Dungeon)
Wands
 B - a wand of random effects (28)
   (You found it on level 4 of the Dungeon)
Scrolls
 d - a scroll of random uselessness {unknown}
 f - a scroll of enchant weapon {unknown}
 i - 2 scrolls of magic mapping {unknown}
 j - 2 scrolls of remove curse {unknown}
 k - 2 scrolls of blinking {unknown}
 l - 3 scrolls of identify {unknown}
 n - 2 scrolls of fog {unknown}
 s - a scroll of amnesia {unknown}
 x - a scroll of immolation {unknown}
 z - a scroll of teleportation {unknown}
Potions
 e - 2 potions of lignification {!q}
 p - a potion of resistance
 r - a potion of curing
 t - a potion of magic {unknown}
Comestibles
 c - 7 rations {@e1}
 u - 2 chunks of flesh {@w0}


   Skills:
 - Level 3.6 Fighting
 * Level 8.3 Polearms
 - Level 3.2 Dodging
 - Level 1.5 Stealth
 + Level 1.4 Evocations


You had 5 spell levels left.
You didn't know any spells.

Dungeon Overview and Level Annotations

Branches:
Dungeon (4/15)
 Temple: D:4-7

Altars:


Innate Abilities, Weirdness & Mutations

You reflexively headbutt those who attack you in melee.
You have a pair of horns on your head.


Message History

You furiously retaliate!
You headbutt the worker ant, but do no damage.
There are monsters nearby!
There are monsters nearby!
You hit the worker ant.
You kill the worker ant!
Attack whom?
Aim: an orc, wielding a dagger You reach to attack!
You hit the orc.
You are feeling hungry.
You hit the orc.
A gnoll comes into view. It is wielding a whip.
There are monsters nearby!
You puncture the orc!
You kill the orc!
An orc priest comes into view. It is wielding a flail.
An orc priest comes into view.
You see here a dagger.
Attack whom?
Aim: a gnoll, wielding a flail of protection You reach to attack!
The orc priest shouts!
You hit the gnoll but do no damage.
Attack whom?
Aim: a gnoll, wielding a flail of protection You reach to attack!
You hit the gnoll but do no damage.
The orc priest calls down the wrath of Beogh upon you.
Beogh smites you!
An orc comes into view.
You take 15 damage, and have 36/51 hp.
MASSIVE DAMAGE!!
You fail to use your ability.
The orc moves out of view.
The gnoll hits you with a flail of protection.
You take 6 damage, and have 30/51 hp.
You fail to use your ability.
The gnoll hits you but does no damage.
You fail to use your ability.
The gnoll hits you with a flail of protection!
The gnoll hits you but does no damage.
The orc priest looks encouraged for a moment.
You take 7 damage, and have 23/51 hp.
You fail to use your ability.
The gnoll hits you with a flail of protection.
The gnoll closely misses you.
You take 4 damage, and have 19/51 hp.
You are too injured to fight recklessly!
It was a potion of curing.
You feel better. The gnoll barely misses you.
The gnoll hits you with a flail of protection!
MP restored: 6 It was a potion of degeneration.
There was something very wrong with that liquid.
You feel weakened.
You feel dopey.
You feel clumsy.
The gnoll hits you from afar with a spear.
The gnoll barely misses you.
You take 4 damage, and have 16/51 hp.
Unknown command.
You fail to use your ability.
The gnoll barely misses you.
The gnoll hits you with a flail of protection.
* * * LOW HITPOINT WARNING * * *
You take 2 damage, and have 14/51 hp.
You feel better.
The orc priest casts a cantrip, but nothing happens.
The gnoll misses you.
You regained 9 hp, and now have 23/51 hp.
What are your orders? t - Shout!
Orders for allies: a - Attack new target. p - Attack previous target. r - Retreat! s - Stop attacking. g - Guard the area. f - Follow me.
Anything else - Cancel.
Okay, then.
Okay, then.
A red film seems to cover your vision as you go berserk!
You feel yourself moving faster!
You feel mighty!
You are feeling very hungry.
The gnoll hits you with a flail of protection.
The gnoll hits you but does no damage.
You now have 30/76 hp.
You puncture the gnoll! Your headbutt misses the gnoll.
The gnoll closely misses you. You furiously retaliate!
You headbutt the gnoll!
You kill the gnoll!
The gnoll closely misses you.
The orc priest calls down the wrath of Beogh upon you.
Beogh smites you!
* * * LOW HITPOINT WARNING * * *
Things that are here:
a flail of protection; a gnoll corpse You take 15 damage, and have 15/76 hp.
You hit the gnoll. The gnoll hits you with a spear.
* * * LOW HITPOINT WARNING * * *
You take 5 damage, and have 10/76 hp.
Unknown command.
You hit the gnoll.
The orc priest calls down the wrath of Beogh upon you.
Beogh smites you!
You die...

##...............
#............... ≈≈####
#.##.......>....
≈.....##.##........####
#.....##........##
#.#...##.........# #≈#
##..##.......#.#
#....###)†##.......#.#
#gg@...#.......# .
#...oo####.#####.#..#
###.o ... ...... ##
#### .##... .# ..


You could see 2 orc priests, 2 gnolls and an orc.

Vanquished Creatures
  The ghost of DarkwingDuck the Poker, a weakling MfMo (D:3)
  Natasha (thrice) (D:2)
  A worker ant (D:4)
  Robin (D:2)
  A gnoll (D:4)
  7 adders
  An adder skeleton (D:4)
  3 worms
  3 dart slugs
  A leopard gecko (D:2)
  2 orcs
  5 giant cockroaches
  16 goblins
  16 hobgoblins
  3 jackals (D:1)
  A ball python (D:3)
  12 bats
  4 frilled lizards
  A jackal skeleton (D:4)
  10 kobolds
  A quokka skeleton (D:4)
  7 rats
100 creatures vanquished.

Notes
Turn   | Place    | Note
-------+----------+-------------------------------------------
     0 | D:1      | operationiv the Minotaur Monk began the quest for the Orb.
     0 | D:1      | Reached XP level 1. HP: 19/19 MP: 0/0
    26 | D:1      | Reached skill level 4 in Polearms
   170 | D:1      | Reached XP level 2. HP: 26/26 MP: 1/1
   463 | D:1      | Reached skill level 5 in Polearms
   499 | D:1      | Reached XP level 3. HP: 31/31 MP: 2/2
   820 | D:2      | Noticed Robin
   868 | D:2      | Killed Robin
  1118 | D:2      | Reached skill level 6 in Polearms
  1118 | D:2      | Reached XP level 4. HP: 39/39 MP: 3/3
  1215 | D:2      | Noticed Natasha
  1224 | D:2      | HP: 9/39 [Natasha (5)]
  1225 | D:2      | Killed Natasha
  1541 | D:2      | Noticed Natasha
  1557 | D:2      | Killed Natasha
  1778 | D:2      | Reached XP level 5. HP: 45/45 MP: 4/4
  1867 | D:2      | Reached skill level 7 in Polearms
  2025 | D:2      | Noticed Natasha
  2036 | D:2      | Killed Natasha
  3014 | D:3      | Noticed DarkwingDuck's ghost (weakling MfMo)
  3018 | D:3      | Killed DarkwingDuck's ghost
  3018 | D:3      | Reached skill level 8 in Polearms
  3018 | D:3      | Reached skill level 1 in Evocations
  3018 | D:3      | Reached XP level 6. HP: 51/51 MP: 5/5
  3292 | D:4      | HP: 15/76 [orc priest/divine providence (15)]
  3294 | D:4      | Killed from afar by an orc priest

Vault maps used:
D:1:      dpeg_arrival_fog, hex_intersection
D:2:      first_ration, columned_hall_lemuel, uniq_natasha, uniq_robin
D:3:      cheibrodos_greedy_goblins
D:4:      cheibrodos_thug_alley, grunt_gozag_breadcrumbs

Skill      XL: |  1  2  3  4  5 |
---------------+----------------+-----
Polearms       | 4 5 6 8 |  8.3
Evocations     | 1 |  1.4
Fighting       | |  3.6
Dodging        | |  3.2
Stealth        | |  1.5

Action                   |  1- 3 |  4- 6 || total
-------------------------+-------+-------++-------
Melee: Spear             |   124 |   169 ||   293
       Headbutt          |     6 |    25 ||    31
 Abil: Evoke Berserk Rag |       |     2 ||     2
  Use: Potion            |     2 |     3 ||     5
 Stab: Sleeping          |     3 |     2 ||     5
  Eat: Chunk             |     1 |     7 ||     8
Armor: Robe              |     6 |       ||     6
       Skin              |    37 |       ||    37
       Ring mail         |       |     9 ||     9
       Scale mail        |       |    23 ||    23
Dodge: Dodged            |    42 |    63 ||   105

Table legend:
 A = Spawn XP
 B = Non-spawn XP
 C = Spawn XP percentage of total XP
 D = Spawn monster count
 E = Non-spawn monster count
 F = Spawn count percentage of total count
 G = Total turns spent on level
                    A         B        C        D         E        F      G
               +---------+---------+-------+---------+---------+-------+---------
         Total |       0 |     487 |   0.0 |       0 |     100 |   0.0 |  3294
               +---------+---------+-------+---------+---------+-------+---------
           D:1 |       0 |      53 |   0.0 |       0 |      30 |   0.0 |   751
           D:2 |       0 |     196 |   0.0 |       0 |      33 |   0.0 |  1552
           D:3 |       0 |     155 |   0.0 |       0 |      26 |   0.0 |   891
           D:4 |       0 |      83 |   0.0 |       0 |      11 |   0.0 |   100
               +---------+---------+-------+---------+---------+-------+---------

Vault maps used:
D:1:      dpeg_arrival_fog, hex_intersection
D:2:      first_ration, columned_hall_lemuel, uniq_natasha, uniq_robin
D:3:      cheibrodos_greedy_goblins
D:4:      cheibrodos_thug_alley, grunt_gozag_breadcrumbs

Table legend:
 A = Turns spent in this place as a percentage of turns spent in the entire game.
 B = Non-inter-level travel turns spent in this place as a percentage of non-inter-level travel turns spent in the entire game.
 C = Inter-level travel turns spent in this place as a percentage of turns spent in this place.
 D = Turns resting spent in this place as a percentage of non-inter-level travel turns spent in this place.
 E = Turns spent auto-exploring this place as a percentage of non-inter-level travel turns spent in this place.
 F = Non-inter-level travel turns spent in this place divided by the number of levels of this place that you've seen.
                   A       B       C       D       E      F
               +-------+-------+-------+-------+-------+----------------------
         Total | 100.0 | 100.0 |   3.4 |  33.2 |  47.5 | 795.8
       Dungeon | 100.0 | 100.0 |   3.4 |  33.2 |  47.5 | 795.8
               +-------+-------+-------+-------+-------+----------------------

Table legend:
 A = Kills in this place as a percentage of kills in entire the game.
 B = Kills by you in this place as a percentage of kills by you in the entire game.
 C = Kills by friends in this place as a percentage of kills by friends in the entire game.
 D = Other kills in this place as a percentage of other kills in the entire game.
 E = Experience gained in this place as a percentage of experience gained in the entire game.
 F = Experience gained in this place divided by the number of levels of this place that you have seen.
                   A       B       C       D       E      F
               +-------+-------+-------+-------+-------+----------------------
         Total | 100.0 | 100.0 |   N/A |   N/A | 100.0 | 121.8
       Dungeon | 100.0 | 100.0 |   N/A |   N/A | 100.0 | 121.8
               +-------+-------+-------+-------+-------+----------------------
